AoeStats
← wangdengfeng88

Arena

510510288Analyzed
1v1 RM · 2d ago on Oct 1, 2026· 32m 37s· 2 players
Game mode
Random Map
Map size
Tiny (2 player)
Population
200
Speed
Normal
Resources
Standard
Victory
Conquest
Starting age
Dark Age
Ending age
Imperial Age
RankedLock teamsTeams togetherTeam positionsShared explorationLock speedFull tech treeHidden civsTurbo modeCheats
Victory
Defeat
🇨🇳 Mongols · China
1130
+15
🇨🇳 Danes · China
1104
-15
我的哈哈哈
11:08 Feudal Age
11:58 Horse Collar
15:13 Castle Age
13:37 Double-Bit Axe
22:32 Bow Saw
23:11 Heavy Plow
23:57 Loom
27:21 Wheelbarrow
28:07 Gold Mining
31:52 Imperial Age
29:42 Hand Cart
29:13 Loom
30:06 Fletching
30:44 Bodkin Arrow
30:23 Elite Skirmisher
32:04 Scale Mail Armor
31:43 Elite Skirmisher
wangdengfeng88
9:41 Feudal Age
11:28 Loom
16:12 Castle Age
14:15 Stone Mining
14:12 Double-Bit Axe
14:26 Gold Mining
16:31 Horse Collar
21:12 Wheelbarrow
24:07 Gold Shaft Mining
23:39 Fletching
24:32 Bodkin Arrow
26:52 Padded Archer Armor
27:19 Stone Mining
28:02 Leather Archer Armor
29:06 Bloodlines
29:30 Ballistics
29:17 Heavy Plow
30:03 Husbandry
35:34 Imperial Age
33:20 Hand Cart
Connection lost

Rejoining the realm…

Still unreachable

The connection could not be restored.

Session expired

The server has moved on; the page needs a fresh start.